 Dungeon Crawl Stone Soup version 0.31-a0-150-g89dc3ad700 (webtiles) character file.

Game seed: 14608440337941112212

44669 qw the Marksminotaur (level 13, -1/122 HPs)
             Began as a Minotaur Hunter on June 8, 2023.
             Was an Elder of Okawaru.
             Slain by an ice devil (19 damage)
             ... on level 5 of the Lair of Beasts.
             The game lasted 00:05:36 (14951 turns).

qw the Marksminotaur (Minotaur Hunter)             Turns: 14951, Time: 00:05:36

Health: -1/122     AC:  9    Str: 17    XL:     13   Next: 97%
Magic:  14/19      EV: 26    Int:  6    God:    Okawaru [****..]
Gold:   1185       SH:  0    Dex: 24    Spells: 12/12 levels left

rFire   . . .        Y - +1 arbalest (heavy)
rCold   . . .        (shield currently unavailable)
rNeg    . . .        o - +0 troll leather armour
rPois   .            (helmet restricted)
rElec   .            g - +2 cloak
rCorr   .            (no gloves)
SInv    .            (no boots)
Will    .....        (no amulet)
Stlth   +++          f - +4 ring of slaying {mikee}
HPRegen 1.20/turn    k - +6 ring of dexterity
MPRegen 0.16/turn

%: no passive effects
@: lethally poisoned (-1 -> -1), about to teleport, heroic, finesse-ful, marked
A: horns 2, retaliatory headbutt
a: Renounce Religion, Heroism, Finesse


You were on level 5 of the Lair of Beasts.
You worshipped Okawaru.
Okawaru was greatly pleased with you.
You visited 3 branches of the dungeon, and saw 16 of its levels.
You also visited: Ossuary.

You collected 1185 gold pieces.


Innate Abilities, Weirdness & Mutations

You have a pair of horns on your head.
You reflexively headbutt those who attack you in melee.


   Skills:
 - Level 13.1(18.1) Fighting
 - Level 18.0(23.0) Ranged Weapons
 - Level 5.0(10.0) Armour
 + Level 11.8(16.8) Dodging
 - Level 0.7(5.7) Stealth
 - Level 10.0 Invocations


You had 12 spell levels left.
You didn't know any spells.
Your spell library was empty.

Inventory:

Hand Weapons
 a - the +5 sling of Pain and Death {flame, rElec rCorr Str-4}
   (You found it on level 2 of the Dungeon)

   Str:       It affects your strength (-4).
   rElec:     It insulates you from electricity.
   rCorr:     It protects you from acid and corrosion.
 Y - a +1 heavy arbalest (weapon)
Armour
 g - a +2 cloak (worn)
 o - a +0 troll leather armour (worn)
 r - a +0 robe of resistance
Jewellery
 f - a +4 ring of slaying (left hand) {mikee}
 h - a ring of fire
 k - a +6 ring of dexterity (right hand)
Scrolls
 b - 3 scrolls of identify
 e - 4 scrolls of teleportation
Potions
 c - 3 potions of mutation
 d - 3 potions of haste
 i - 6 potions of curing
 j - a potion of might
 n - a potion of resistance

Dungeon Overview and Level Annotations

Branches:
Dungeon (10/15)            Temple (1/1) D:5            Lair (5/5) D:10
  Swamp (0/4) Lair:2        Snake (0/4) Lair:3        Slime (0/5) Lair:5
    Orc (0/2) D:9         Ossuary (visited)

Altars:
Ashenzari
Cheibriados
Dithmenos
Elyvilon
Fedhas
Gozag
Hepliaklqana
Kikubaaqudgha
Makhleb
Nemelex Xobeh
Okawaru
Qazlal
Ru
Sif Muna
Trog
Uskayaw
Vehumet
Wu Jian
Xom
Yredelemnul
Zin
The Shining One

Portals:
Trove: D:10 (give 5 potions of resistance)

Annotations:
D:5 3 runed translucent doors, qw's ghost, novice GrFi
D:9 4 runed translucent doors
Lair:1 1 runed translucent door, qw's ghost, novice MiHu
Lair:5 1 runed translucent door


Message History

A red devil comes into view.
It is wielding a +0 demon trident of pain.
The orange demon misses you.
You shoot a bolt. The bolt hits the hell hound!!!!
You kill the hell hound!
Okawaru accepts your kill.
You feel very sick. The orange demon misses you.
A hellwing comes into view.
You shoot a bolt. The bolt hits the ice devil!
The ice devil is moderately wounded.
You feel sick.
You shoot a bolt. The bolt closely misses the ice devil.
The bolt hits the orange demon!!
You kill the orange demon!
Okawaru accepts your kill.
You feel sick. The ice devil hits you! The ice devil freezes you!
The hellwing swoops through the air toward you!
The hellwing barely misses you. You furiously retaliate!
You headbutt the hellwing! The hellwing closely misses you.
A hell hound comes into view.
You shoot a bolt. The bolt hits the ice devil!
The ice devil is heavily wounded.
You feel sick. The ice devil hits you! The ice devil freezes you!
The hellwing completely misses you. You furiously retaliate!
You headbutt the hellwing! The hellwing hits you.
A hell hound comes into view.
14950 ||| READING 5 scrolls of teleportation.
As you read the scroll of teleportation, it crumbles to dust.
You feel strangely unstable.
You feel sick.
The hell hound stops to sniff the ground.
The ice devil completely misses you. You furiously retaliate!
You headbutt the ice devil. The red devil closely misses you.
The hellwing closely misses you. You furiously retaliate!
You headbutt the hellwing. The hellwing misses you.
The ice devil completely misses you.
You shoot a bolt. The bolt hits the hellwing!!
The hellwing is almost dead.
You feel sick. The ice devil hits you. The ice devil freezes you!!
You die...

######### #........ #..8.8...
77 '...#.8.. 7. #h.#.8... 7.
#4h.8.# 7
###############448.#...
#.............'@..8.8..
#....8....8...#.4......
#.............#########+77777
#######''###### 777.77.77
7......7 777.......77
777..777 777...?777(..77
77..777 77...7777 7777..
777..77777...77


777 777..7...777 7 You could see a hellwing, 2 ice devils, a red devil and 2
hell hounds.

Vanquished Creatures
  5 hydras
  A catoblepas (Lair:1)
  Erica (D:8)
  A boulder beetle (Lair:1)
  A two-headed ogre (D:10)
  A sun demon (Lair:5)
  A skyshark (Lair:5)
  A wizard (Lair:5)
  2 bog bodies (Lair:2)
  Pikel (D:5)
  A lindwurm (Lair:2)
  A necromancer (Lair:3)
  A manticore (D:9)
  An oklob plant (Lair:2)
  12 elephants
  A black mamba (Lair:3)
  An orange demon (Lair:5)
  14 cane toads
  An unseen horror (D:9)
  Maggie (D:6)
  Psyche (D:10)
  10 rime drakes
  6 komodo dragons
  An ice devil (Lair:5)
  2 burning bushes (Lair:3)
  A polar bear (Lair:3)
  A meliai (D:9)
  3 trolls
  8 blink frogs (Lair:5)
  2 hornets (D:9)
  18 dream sheep
  4 slime creatures (D:7)
  2 wraiths
  A shadow (D:9)
  8 wyverns
  Eustachio (D:4)
  25 yaks
  A steam dragon (D:7)
  A death yak simulacrum (Lair:4)
  2 basilisks
  19 water moccasins
  2 hell hounds (Lair:5)
  2 black bears
  8 orc warriors
  An elephant zombie (Lair:3)
  4 wolves (Lair:5)
  An ogre (D:5)
  2 lemures (D:6)
  2 centaurs (D:9)
  3 phantoms
  2 kobold brigands
  15 bullfrogs
  Blork the orc (D:6)
  12 scorpions
  7 wights
  2 elephant simulacra (Lair:4)
  9 killer bees
  An electric eel (Lair:3)
  4 howler monkeys
  A human zombie (Ossuary)
  A gnoll bouda (D:5)
  A hound (D:5)
  8 orc priests
  2 jellies (D:6)
  Terence (D:2)
  A sleepcap (D:5)
  3 iguanas
  4 scorpion zombies (Ossuary)
  8 orc wizards
  A wolf simulacrum (Lair:4)
  3 mummies (Ossuary)
  3 gnolls (D:5)
  3 adders
  A shadow imp (D:8)
  2 white imps
  An ufetubus (D:7)
  3 worms
  4 dart slugs
  37 orcs
  3 endoplasms
  5 giant cockroaches
  4 goblins
  4 hobgoblins
  2 jackals (D:1)
  2 quokkas
  3 ball pythons
  6 bats
  A frilled lizard (D:3)
  A gnoll zombie (Ossuary)
  2 hobgoblin zombies (Ossuary)
  13 kobolds
  2 kobold zombies (Ossuary)
  3 orc zombies (Ossuary)
  8 rats
  A spectral hobgoblin (D:2)
392 creatures vanquished.

Notes
Turn   | Place    | Note
-------+----------+-------------------------------------------
     0 | D:1      | qw the Minotaur Hunter began the quest for the Orb.
     0 | D:1      | Reached XP level 1. HP: 18/18 MP: 0/0
     0 | D:1      | 0 ||| qw: Version: 0.2-a-119-g0488c42
     0 | D:1      | 0 ||| qw: Game counter: 2718
     0 | D:1      | 0 ||| qw: Always use a shield: true
     0 | D:1      | 0 ||| qw: God list: Okawaru
     0 | D:1      | 0 ||| qw: Allow faded altars: false
     0 | D:1      | 0 ||| qw: Do Orc after D:15 true
     0 | D:1      | 0 ||| qw: Do second Lair branch before Depths: true
     0 | D:1      | 0 ||| qw: Lair rune preference: random
     0 | D:1      | 0 ||| qw: Plans: Normal
     0 | D:1      | 0 ||| PLANNING D:1-11
   278 | D:1      | Reached XP level 2. HP: 25/25 MP: 1/1
   308 | D:1      | Reached skill level 5 in Ranged Weapons
   723 | D:1      | 723 ||| UPGRADING to +0 ring mail.
   733 | D:1      | 733 ||| DROPPING +0 leather armour.
   734 | D:1      | 734 ||| UPGRADING to +6 ring of strength.
   735 | D:1      | 735 ||| UPGRADING to +6 ring of dexterity.
   736 | D:1      | 736 ||| READING scroll labelled KEFOCHOOGH.
   740 | D:1      | 740 ||| READING scroll labelled VOZAIPT DURYC.
   741 | D:1      | 741 ||| READING scroll labelled SINIRA HILOGABEL.
   742 | D:1      | 742 ||| DROPPING scroll of butterflies.
   816 | D:2      | Identified the +5 sling of Pain and Death {flame, rElec
                  | rCorr Str-4}
   818 | D:2      | 818 ||| SWAPPING to +5 sling of Pain and Death {flame,
                  | rElec rCorr Str-4}.
   819 | D:2      | 819 ||| DROPPING +0 shortbow.
   823 | D:2      | Noticed Terence
   827 | D:2      | Killed Terence
   828 | D:2      | Reached skill level 3 in Fighting
   828 | D:2      | Reached XP level 3. HP: 28/33 MP: 2/2
  1009 | D:2      | Reached skill level 1 in Armour
  1132 | D:2      | 1132 ||| READING scroll labelled PAGRANGOUL.
  1135 | D:2      | 1135 ||| DRINKING 2 viscous pink potions.
  1136 | D:2      | 1136 ||| DROPPING potion of magic.
  1138 | D:2      | 1138 ||| Stepping ~*~*~tactically~*~*~ (cloud).
  1254 | D:2      | 1254 ||| STAIRDANCE
  1471 | D:2      | You fall into a shaft and drop 2 floors!
  1472 | D:4      | 1472 ||| READING scroll labelled FOGOTA BI ANO.
  1667 | D:2      | Found a faded altar of an unknown god.
  1818 | D:2      | 1818 ||| DRINKING 2 fuming yellow potions.
  1819 | D:2      | 1819 ||| DROPPING potion of degeneration.
  2094 | D:3      | Reached XP level 4. HP: 40/40 MP: 3/3
  2407 | D:3      | 2407 ||| FLEEEEING.
  2408 | D:3      | 2408 ||| FLEEEEING.
  2409 | D:3      | 2409 ||| FLEEEEING.
  2665 | D:3      | 2665 ||| Stepping ~*~*~tactically~*~*~ (outnumbered).
  2713 | D:3      | Reached skill level 6 in Ranged Weapons
  2826 | D:3      | 2826 ||| UPGRADING to +4 ring of slaying {mikee}.
  2828 | D:3      | 2828 ||| DROPPING +6 ring of strength.
  2829 | D:3      | 2829 ||| READING scroll labelled VODEHUA UTIMUN.
  2830 | D:3      | 2830 ||| READING scroll labelled LOAQEL SUNTA.
  2831 | D:3      | 2831 ||| DRINKING 2 fuming green potions.
  2832 | D:3      | 2832 ||| READING 2 scrolls of identify.
  2832 | D:3      | 2832 ||| IDENTIFYING sedimented orange potion
  2833 | D:3      | 2833 ||| DROPPING potion of attraction.
  2883 | D:4      | Noticed a phantom
  2884 | D:4      | Reached XP level 5. HP: 46/46 MP: 4/4
  2885 | D:4      | Killed a phantom
  2927 | D:4      | Reached skill level 7 in Ranged Weapons
  2931 | D:4      | 2931 ||| FLEEEEING.
  2932 | D:4      | 2932 ||| FLEEEEING.
  2933 | D:4      | 2933 ||| FLEEEEING.
  2934 | D:4      | 2934 ||| FLEEEEING.
  2935 | D:4      | 2935 ||| FLEEEEING.
  2936 | D:4      | 2936 ||| FLEEEEING.
  2937 | D:4      | 2937 ||| FLEEEEING.
  2938 | D:4      | 2938 ||| FLEEEEING.
  3136 | D:4      | Reached skill level 3 in Dodging
  3191 | D:4      | Reached XP level 6. HP: 52/52 MP: 5/5
  3228 | D:4      | Noticed Eustachio
  3245 | D:4      | Killed Eustachio
  3246 | D:4      | Reached skill level 8 in Ranged Weapons
  3524 | D:4      | Found a radiant altar of Vehumet.
  3618 | D:4      | 3618 ||| READING 2 scrolls of identify.
  3618 | D:4      | 3618 ||| IDENTIFYING golden potion
  3666 | D:5      | Entered Level 5 of the Dungeon
  3667 | D:5      | 3667 ||| PLANNING OSSUARY
  3723 | D:5      | Noticed a water moccasin
  3725 | D:5      | Reached XP level 7. HP: 61/61 MP: 6/6
  3748 | D:5      | Reached skill level 9 in Ranged Weapons
  3797 | D:5      | 3797 ||| Stepping ~*~*~tactically~*~*~ (outnumbered).
  3803 | D:5      | Reached skill level 6 in Fighting
  3947 | D:5      | Reached XP level 8. HP: 70/70 MP: 7/7
  4043 | D:5      | Found a sand-covered staircase.
  4044 | D:5      | 4044 ||| DROPPING ring of wizardry.
  4045 | D:5      | 4045 ||| READING scroll labelled TIJIANLURU.
  4046 | D:5      | 4046 ||| READING scroll labelled HYIVOJ LUERPH.
  4047 | D:5      | 4047 ||| READING 2 scrolls of identify.
  4047 | D:5      | 4047 ||| IDENTIFYING grey potion
  4048 | D:5      | 4048 ||| DROPPING potion of invisibility.
  4052 | Ossuary  | Entered an ossuary
  4136 | Ossuary  | Reached skill level 10 in Ranged Weapons
  4344 | Ossuary  | 4344 ||| DROPPING ring of flight.
  4345 | Ossuary  | 4345 ||| READING scroll labelled OTO RIORGHAP.
  4346 | Ossuary  | 4346 ||| DRINKING 2 blue potions.
  4347 | Ossuary  | 4347 ||| DRINKING 3 fizzy orange potions.
  4348 | Ossuary  | 4348 ||| DRINKING 2 lumpy puce potions.
  4349 | Ossuary  | 4349 ||| READING 2 scrolls of identify.
  4349 | Ossuary  | 4349 ||| IDENTIFYING ruby potion
  4350 | Ossuary  | 4350 ||| DROPPING potion of enlightenment.
  4403 | D:5      | 4403 ||| PLANNING D:1-11
  4447 | D:5      | Found a stormy altar of Qazlal.
  4455 | D:5      | Found an ancient bone altar of Kikubaaqudgha.
  4459 | D:5      | Found an ornate altar of the Wu Jian Council.
  4531 | D:5      | Found a hide-covered altar of Uskayaw.
  4545 | D:5      | Found a staircase to the Ecumenical Temple.
  4546 | D:5      | 4546 ||| PLANNING TEMPLE
  4553 | Temple   | Entered the Ecumenical Temple
  4554 | Temple   | 4554 ||| PLANNING OKAWARU WORSHIP
  4630 | Temple   | Became a worshipper of Warmaster Okawaru
  4630 | Temple   | 4630 ||| PLANNING D:1-11
  4666 | D:5      | Found a runed translucent gate.
  4666 | D:5      | Found a runed translucent gate.
  4666 | D:5      | Found a runed translucent gate.
  4672 | D:5      | Noticed qw's ghost (novice GrFi)
  4781 | D:6      | Noticed Pikel
  4788 | D:6      | 4788 ||| STAIRDANCE
  4793 | D:5      | Killed Pikel
  4793 | D:5      | Reached * piety under Okawaru
  4794 | D:5      | Reached skill level 11 in Ranged Weapons
  4794 | D:5      | Reached XP level 9. HP: 41/79 MP: 8/8
  4919 | D:6      | Noticed Maggie
  4920 | D:6      | 4920 ||| INVOKING Heroism.
  4929 | D:6      | Killed Maggie
  4952 | D:6      | Found a sacrificial altar of Ru.
  5065 | D:6      | 5065 ||| INVOKING Heroism.
  5128 | D:6      | Reached skill level 1 in Invocations
  5318 | D:6      | Noticed Blork the orc
  5319 | D:6      | 5319 ||| INVOKING Heroism.
  5326 | D:6      | Killed Blork the orc
  5400 | D:6      | Reached skill level 12 in Ranged Weapons
  5426 | D:6      | 5426 ||| Stepping ~*~*~tactically~*~*~ (outnumbered).
  5428 | D:6      | 5428 ||| Stepping ~*~*~tactically~*~*~ (outnumbered).
  5432 | D:6      | 5432 ||| Stepping ~*~*~tactically~*~*~ (outnumbered).
  5440 | D:6      | 5440 ||| FLEEEEING.
  5441 | D:6      | 5441 ||| FLEEEEING.
  5442 | D:6      | 5442 ||| FLEEEEING.
  5443 | D:6      | 5443 ||| FLEEEEING.
  5444 | D:6      | 5444 ||| FLEEEEING.
  5445 | D:6      | 5445 ||| FLEEEEING.
  5446 | D:6      | 5446 ||| FLEEEEING.
  5447 | D:6      | 5447 ||| FLEEEEING.
  5448 | D:6      | 5448 ||| FLEEEEING.
  5449 | D:6      | 5449 ||| FLEEEEING.
  5450 | D:6      | 5450 ||| FLEEEEING.
  5451 | D:6      | 5451 ||| FLEEEEING.
  5452 | D:6      | 5452 ||| FLEEEEING.
  5453 | D:6      | 5453 ||| FLEEEEING.
  5454 | D:6      | 5454 ||| FLEEEEING.
  5455 | D:6      | 5455 ||| FLEEEEING.
  5456 | D:6      | 5456 ||| FLEEEEING.
  5813 | D:6      | 5813 ||| UPGRADING to +0 steam dragon scales.
  5823 | D:6      | 5823 ||| DROPPING +0 ring mail.
  5824 | D:6      | 5824 ||| UPGRADING to +0 robe of resistance.
  5834 | D:6      | 5834 ||| READING scroll labelled VOG WIUZIACUAL.
  5835 | D:6      | 5835 ||| READING scroll labelled GINLYOST ZULOA.
  5836 | D:6      | 5836 ||| DRINKING 3 silvery potions.
  5837 | D:6      | 5837 ||| DRINKING 2 potions of curing.
  5837 | D:6      | 5837 ||| (to cure confusion)
  5838 | D:6      | 5838 ||| DROPPING 2 potions of ambrosia.
  5895 | D:7      | 5895 ||| INVOKING Heroism.
  5899 | D:7      | Reached skill level 3 in Invocations
  6002 | D:7      | 6002 ||| INVOKING Heroism.
  6051 | D:7      | Reached skill level 6 in Dodging
  6111 | D:7      | 6111 ||| INVOKING Heroism.
  6227 | D:7      | 6227 ||| INVOKING Heroism.
  6229 | D:7      | HP: 19/81 [slime creature (13)]
  6230 | D:7      | 6230 ||| READING 5 scrolls of teleportation.
  6231 | D:7      | 6231 ||| DRINKING potion of heal wounds.
  6233 | D:7      | Reached XP level 10. HP: 44/88 MP: 9/12
  6405 | D:7      | Reached ** piety under Okawaru
  6416 | D:7      | 6416 ||| INVOKING Heroism.
  6685 | D:7      | 6685 ||| UPGRADING to +0 cloak.
  6690 | D:7      | 6690 ||| READING scroll labelled NIN DERUOBEJA.
  6691 | D:7      | 6691 ||| READING 2 scrolls of identify.
  6691 | D:7      | 6691 ||| IDENTIFYING fizzy red potion
  6692 | D:7      | 6692 ||| DROPPING potion of lignification.
  6791 | D:8      | Noticed Erica
  6792 | D:8      | 6792 ||| INVOKING Heroism.
  6807 | D:8      | Killed Erica
  6808 | D:8      | Reached skill level 13 in Ranged Weapons
  7224 | D:8      | 7224 ||| SWAPPING to +0 arbalest of draining.
  7340 | D:8      | Reached *** piety under Okawaru
  7341 | D:8      | Reached skill level 9 in Fighting
  7764 | D:9      | Found a staircase to the Orcish Mines.
  7788 | D:9      | 7788 ||| INVOKING Heroism.
  7870 | D:9      | 7870 ||| READING scroll of brand weapon.
  7870 | D:9      | 7870 ||| BRANDING +0 arbalest of draining.
  7928 | D:9      | Found a white marble altar of Elyvilon.
  8084 | D:9      | 8084 ||| INVOKING Heroism.
  8106 | D:9      | 8106 ||| INVOKING Heroism.
  8130 | D:9      | 8130 ||| FLEEEEING.
  8131 | D:9      | 8131 ||| FLEEEEING.
  8132 | D:9      | 8132 ||| FLEEEEING.
  8133 | D:9      | 8133 ||| FLEEEEING.
  8134 | D:9      | 8134 ||| FLEEEEING.
  8135 | D:9      | 8135 ||| FLEEEEING.
  8136 | D:9      | 8136 ||| FLEEEEING.
  8137 | D:9      | 8137 ||| FLEEEEING.
  8138 | D:9      | 8138 ||| FLEEEEING.
  8139 | D:9      | 8139 ||| FLEEEEING.
  8143 | D:9      | 8143 ||| FLEEEEING.
  8149 | D:9      | 8149 ||| FLEEEEING.
  8153 | D:9      | 8153 ||| FLEEEEING.
  8154 | D:9      | 8154 ||| FLEEEEING.
  8155 | D:9      | 8155 ||| FLEEEEING.
  8159 | D:9      | 8159 ||| STAIRDANCE
  8221 | D:8      | 8221 ||| DROPPING scarf of invisibility.
  8222 | D:8      | 8222 ||| READING 2 scrolls of identify.
  8222 | D:8      | 8222 ||| IDENTIFYING black potion
  8377 | D:9      | Reached skill level 14 in Ranged Weapons
  8387 | D:9      | Reached XP level 11. HP: 85/99 MP: 13/13
  8511 | D:9      | Found a large runed translucent door.
  8511 | D:9      | Found a large runed translucent door.
  8524 | D:9      | Found a large runed translucent door.
  8524 | D:9      | Found a large runed translucent door.
  8587 | D:9      | 8587 ||| INVOKING Heroism.
  8613 | D:9      | 8613 ||| INVOKING Heroism.
  8616 | D:9      | Reached skill level 9 in Dodging
  8707 | D:9      | 8707 ||| INVOKING Heroism.
  8729 | D:9      | 8729 ||| INVOKING Heroism.
  8815 | D:9      | 8815 ||| DROPPING +2 robe of willpower.
  8816 | D:9      | 8816 ||| UPGRADING to +0 troll leather armour.
  8826 | D:9      | 8826 ||| DROPPING +0 steam dragon scales.
  8827 | D:9      | 8827 ||| READING scroll labelled YRGHAWN UXTI.
  8853 | D:10     | Entered Level 10 of the Dungeon
  8879 | D:10     | Reached skill level 3 in Armour
  8882 | D:10     | Noticed a two-headed ogre
  8883 | D:10     | 8883 ||| INVOKING Heroism.
  8890 | D:10     | Killed a two-headed ogre
  8890 | D:10     | Reached **** piety under Okawaru
  8900 | D:10     | 8900 ||| INVOKING Heroism.
  8910 | D:10     | HP: 22/99 [something (8)]
  8913 | D:10     | 8913 ||| FLEEEEING.
  8914 | D:10     | 8914 ||| FLEEEEING.
  8915 | D:10     | 8915 ||| FLEEEEING.
  8916 | D:10     | 8916 ||| FLEEEEING.
  8917 | D:10     | HP: 22/99 [something (1)]
  8921 | D:10     | 8921 ||| STAIRDANCE
  8925 | D:9      | Reached skill level 15 in Ranged Weapons
  9018 | D:10     | 9018 ||| INVOKING Heroism.
  9162 | D:10     | Found a snail-covered altar of Cheibriados.
  9245 | D:10     | Found a staircase to the Lair.
  9267 | D:10     | Noticed Psyche
  9268 | D:10     | 9268 ||| INVOKING Heroism.
  9271 | D:10     | Killed Psyche
  9300 | D:10     | 9300 ||| INVOKING Heroism.
  9814 | D:10     | Found a portal to a secret trove of treasure.
  9914 | D:10     | 9914 ||| INVOKING Heroism.
  9934 | D:10     | 9934 ||| PLANNING LAIR
  9934 | D:10     | 9934 ||| DRINKING 2 amethyst potions.
  9958 | Lair:1   | Entered Level 1 of the Lair of Beasts
  9959 | Lair:1   | 9959 ||| INVOKING Heroism.
  9964 | Lair:1   | 9964 ||| STAIRDANCE
 10072 | Lair:1   | Noticed a boulder beetle
 10073 | Lair:1   | 10073 ||| INVOKING Heroism.
 10077 | Lair:1   | Killed a boulder beetle
 10078 | Lair:1   | Reached skill level 16 in Ranged Weapons
 10110 | Lair:1   | 10110 ||| INVOKING Heroism.
 10270 | Lair:1   | Noticed a catoblepas
 10271 | Lair:1   | 10271 ||| INVOKING Heroism.
 10275 | Lair:1   | Killed a catoblepas
 10668 | Lair:1   | Noticed qw's ghost (novice MiHu)
 10774 | Lair:1   | Found a runed translucent door.
 10992 | Lair:1   | 10992 ||| DROPPING ring of ice.
 11076 | Lair:2   | Received a gift from Okawaru
 11077 | Lair:2   | Reached XP level 12. HP: 107/108 MP: 15/15
 11083 | Lair:2   | 11083 ||| FLEEEEING.
 11142 | Lair:2   | Found a staircase to the Swamp.
 11148 | Lair:2   | 11148 ||| INVOKING Heroism.
 11182 | Lair:2   | Reached skill level 6 in Invocations
 11342 | Lair:2   | 11342 ||| INVOKING Heroism.
 11547 | Lair:2   | 11547 ||| INVOKING Heroism.
 11563 | Lair:2   | 11563 ||| READING scroll of enchant armour.
 11563 | Lair:2   | 11563 ||| ENCHANTING +0 cloak.
 11565 | Lair:2   | Found a radiant altar of Vehumet.
 11886 | Lair:2   | 11886 ||| DROPPING ring of positive energy.
 11899 | Lair:3   | Noticed a seven-headed hydra
 11900 | Lair:3   | 11900 ||| STAIRDANCE
 11935 | Lair:3   | 11935 ||| STAIRDANCE
 11937 | Lair:2   | 11937 ||| INVOKING Heroism.
 11938 | Lair:2   | 11938 ||| SWAPPING to +5 sling of Pain and Death {flame,
                  | rElec rCorr Str-4}.
 11944 | Lair:2   | HP: 19/110 [seven-headed hydra (10)]
 11944 | Lair:2   | HP: 5/110 [seven-headed hydra (14)]
 11945 | Lair:2   | 11945 ||| READING 5 scrolls of teleportation.
 11946 | Lair:2   | Killed a seven-headed hydra
 11947 | Lair:2   | 11947 ||| SWAPPING to +0 heavy arbalest.
 12065 | Lair:3   | 12065 ||| STAIRDANCE
 12096 | Lair:3   | 12096 ||| INVOKING Heroism.
 12368 | Lair:3   | Found a staircase to the Snake Pit.
 12378 | Lair:3   | 12378 ||| INVOKING Heroism.
 12483 | Lair:3   | 12483 ||| DRINKING potion of cancellation.
 12582 | Lair:3   | 12582 ||| INVOKING Heroism.
 12584 | Lair:3   | HP: 24/110 [poisoned by a cane toad]
 12589 | Lair:3   | HP: 19/110 [poisoned by a cane toad]
 12594 | Lair:3   | HP: 20/110 [poisoned by a cane toad]
 12633 | Lair:3   | 12633 ||| FLEEEEING.
 12634 | Lair:3   | 12634 ||| FLEEEEING.
 12635 | Lair:3   | 12635 ||| STAIRDANCE
 12671 | Lair:2   | 12671 ||| READING scroll labelled PEOL MOUKHLIOTUNORU.
 12688 | Lair:3   | 12688 ||| FLEEEEING.
 12689 | Lair:3   | 12689 ||| FLEEEEING.
 12690 | Lair:3   | 12690 ||| FLEEEEING.
 12691 | Lair:3   | 12691 ||| FLEEEEING.
 12692 | Lair:3   | 12692 ||| FLEEEEING.
 12693 | Lair:3   | 12693 ||| FLEEEEING.
 12694 | Lair:3   | 12694 ||| STAIRDANCE
 12809 | Lair:3   | Identified the +3 buckler "Hudiryla" {rF+++ Slay-4}
 12912 | Lair:3   | Reached ***** piety under Okawaru
 13082 | Lair:4   | Reached skill level 17 in Ranged Weapons
 13104 | Lair:4   | Identified the +1 chain mail of an ice cave {Str+6 Int+2
                  | Stlth+} (Okawaru gifted it to you on level 4 of the Lair of
                  | Beasts)
 13104 | Lair:4   | Received a gift from Okawaru
 13107 | Lair:4   | 13107 ||| FLEEEEING.
 13145 | Lair:4   | Reached skill level 9 in Invocations
 13145 | Lair:4   | 13145 ||| INVOKING Heroism.
 13309 | Lair:4   | 13309 ||| INVOKING Heroism.
 13390 | Lair:4   | Reached XP level 13. HP: 116/116 MP: 19/19
 13427 | Lair:4   | Found a frozen archway.
 13775 | Lair:4   | 13775 ||| DROPPING ring of see invisible.
 13790 | Lair:5   | Entered Level 5 of the Lair of Beasts
 13796 | Lair:5   | 13796 ||| INVOKING Heroism.
 14026 | Lair:5   | 14026 ||| INVOKING Heroism.
 14027 | Lair:5   | 14027 ||| INVOKING Finesse.
 14033 | Lair:5   | Reached skill level 18 in Ranged Weapons
 14136 | Lair:5   | 14136 ||| INVOKING Heroism.
 14147 | Lair:5   | Reached skill level 12 in Fighting
 14211 | Lair:5   | 14211 ||| INVOKING Heroism.
 14232 | Lair:5   | 14232 ||| INVOKING Heroism.
 14248 | Lair:5   | 14248 ||| INVOKING Heroism.
 14249 | Lair:5   | 14249 ||| INVOKING Finesse.
 14316 | Lair:5   | 14316 ||| READING scroll of enchant armour.
 14316 | Lair:5   | 14316 ||| ENCHANTING +1 cloak.
 14363 | Lair:5   | 14363 ||| FLEEEEING.
 14427 | Lair:5   | Found a runed translucent door.
 14431 | Lair:5   | Found a staircase to the Slime Pits.
 14521 | Lair:5   | Received a gift from Okawaru
 14522 | Lair:5   | 14522 ||| INVOKING Heroism.
 14523 | Lair:5   | 14523 ||| INVOKING Finesse.
 14529 | Lair:5   | 14529 ||| SWAPPING to +5 sling of Pain and Death {flame,
                  | rElec rCorr Str-4}.
 14535 | Lair:5   | 14535 ||| SWAPPING to +1 heavy arbalest.
 14564 | Lair:5   | 14564 ||| INVOKING Heroism.
 14581 | Lair:5   | 14581 ||| DROPPING +5 orcbow of freezing.
 14905 | Lair:5   | 14905 ||| Stepping ~*~*~tactically~*~*~ (outnumbered).
 14937 | Lair:5   | 14937 ||| INVOKING Heroism.
 14938 | Lair:5   | 14938 ||| INVOKING Finesse.
 14949 | Lair:5   | HP: 25/122 [ice devil (13)]
 14950 | Lair:5   | 14950 ||| READING 5 scrolls of teleportation.
 14951 | Lair:5   | Slain by an ice devil

Levels and vault maps discovered:
D:1:      elethiomel_arrival_quiet, layout_loops_ring, minivault_14
D:2:      layout_basic, dreamdust_ecumenical_altar_drowned_temple, fountainhead,
          uniq_terence
D:3:      minmay_chambers_of_twos, layout_loops_corners
D:4:      layout_loops_ring, fiery_altar_vehumet, uniq_eustachio
D:5:      layout_cave_pools, minmay_overflow_temple_star_quad,
          nicolae_uskayaw_dance_hall, minmay_temple_entry_proselytizer,
          enter_ossuary_5, ebering_ghost_rock_garden, chequers_avenue
D:6:      layout_basic, nicolae_ru_great_annihilating_truth, uniq_maggie,
          uniq_blork_the_orc, uniq_pikel
D:7:      layout_basic
D:8:      layout_loops_corners, uniq_erica
D:9:      layout_basic, mainiacjoe_overflow_six_doors_small,
          minmay_orc_entry_temple_large, minmay_hollow_rounded_squares
D:10:     layout_loops_corners, cheibriados_altar_1,
          due_lair_maze_entry_diamond, trove_entry_hex_spiral, uniq_psyche
Temple:   compressed_dpeg_circular_temple
Lair:1:   layout_concentric_octagons, hellmonk_ghost_happy_afterlife
Lair:2:   layout_regular_city, skrybe_swamp_entry_bodies, basic_altar
Lair:3:   pond_and_an_island_with_a_cottage, layout_regular_city,
          dummy_snake_entry, evilmike_ambush [evilmike_ambush_outer_basic,
          evilmike_ambush_inner_pond]
Lair:4:   layout_regular_city, portal_ice_cave_entry_ice_simulacra,
          grunt_megastairs_1
Lair:5:   evil_forest, layout_cave_pods, slime_entry_2

Skill      XL: |  1  2  3  4  5  6  7  8  9 10 11 12 13 |
---------------+----------------------------------------+-----
Ranged Weapons | 5 6 7 8 9 11 12 14 16 17 18 | 18.0
Fighting       | 3 4 5 6 7 8 9 10 11 13 | 13.1
Armour         | 1 2 3 4 5 |  5.0
Dodging        | 3 4 7 8 9 10 11 | 11.8
Invocations    | 4 5 9 10 | 10.0
Stealth        | |  0.7

Action                     |  1- 3 |  4- 6 |  7- 9 | 10-12 | 13-15 || total
---------------------------+-------+-------+-------+-------+-------++-------
   Fire: Shortbow          |    51 |       |       |       |       ||    51
         Sling             |    32 |    96 |   223 |    71 |     5 ||   427
         Arbalest          |       |       |       |   308 |   177 ||   485
 Invoke: Heroism           |       |       |     7 |    28 |     9 ||    44
         Finesse           |       |       |       |       |     4 ||     4
    Use: Scroll            |     5 |     4 |     8 |     8 |     2 ||    27
         Potion            |     2 |     1 |     6 |     2 |       ||    11
 Armour: Leather armour    |     8 |       |       |       |       ||     8
         Ring mail         |     3 |     9 |    12 |       |       ||    24
         Robe              |       |       |       |     4 |       ||     4
         Troll leather arm |       |       |       |    31 |    21 ||    52
  Dodge: Dodged            |     9 |     6 |    34 |   282 |   178 ||   509

Table legend:
 A = Non-vault XP
 B = Vault XP
 C = Vault XP percentage of total XP
 D = Non-vault monster count
 E = Vault monster count
 F = Vault count percentage of total count
                 A         B        C        D         E       F
            +---------+---------+-------+---------+---------+-------
      Total |   43589 |   20225 |  31.7 |     266 |     124 |  31.8
            +---------+---------+-------+---------+---------+-------
        D:1 |      23 |       0 |   0.0 |      16 |       0 |   0.0
        D:2 |      23 |      39 |  62.9 |      10 |       2 |  16.7
        D:3 |      82 |      22 |  21.2 |      18 |       8 |  30.8
        D:4 |     227 |     203 |  47.2 |      13 |       1 |   7.1
        D:5 |     886 |     648 |  42.2 |      18 |       2 |  10.0
        D:6 |     667 |     505 |  43.1 |      12 |       6 |  33.3
        D:7 |    2730 |       0 |   0.0 |      22 |       0 |   0.0
        D:8 |     693 |     831 |  54.5 |      18 |       1 |   5.3
        D:9 |    2537 |    2905 |  53.4 |      17 |      32 |  65.3
       D:10 |    2433 |    1905 |  43.9 |      13 |      10 |  43.5
     Lair:1 |    3408 |       0 |   0.0 |       8 |       0 |   0.0
     Lair:2 |    3795 |    1644 |  30.2 |      14 |       4 |  22.2
     Lair:3 |    3110 |    1832 |  37.1 |      13 |       6 |  31.6
     Lair:4 |    6415 |    1061 |  14.2 |      22 |       8 |  26.7
     Lair:5 |   16560 |    7730 |  31.8 |      52 |      20 |  27.8
    Ossuary |       0 |     900 | 100.0 |       0 |      24 | 100.0
            +---------+---------+-------+---------+---------+-------
